 Dungeon Crawl Stone Soup version 0.27-a0-592-g0306a34022 (webtiles) character file.

Game seed: 3524056794157921481

639 sideus8 the Cudgeller (level 7, -1/44 HPs)
             Began as a Gargoyle Fighter on Feb 15, 2021.
             Slain by Prince Ribbit (7 damage)
             ... on level 6 of the Dungeon on Mar 10, 2021.
             The game lasted 00:07:14 (4103 turns).

sideus8 the Cudgeller (Gargoyle Fighter)            Turns: 4103, Time: 00:07:15

Health: -1/44      AC: 12    Str: 22    XL:     7   Next: 51%
Magic:  7/7        EV:  8    Int:  8    God:
Gold:   299        SH: 10    Dex:  9    Spells: 6/6 levels left

rFire    . . .     SeeInvis .   a - +0 flail
rCold    . . .     Faith    .   c - +0 kite shield
rNeg     + + .     Spirit   .   b - +0 scale mail
rPois    ∞         Reflect  .   (no helmet)
rElec    +         Harm     .   (no cloak)
rCorr    .         Rampage  .   (no gloves)
Will     .....                  (no boots)
Stlth    ..........             o - amulet of the acrobat
HPRegen  0.14/turn              (no ring)
MPRegen  0.10/turn              s - ring of positive energy

@: no status effects
A: negative energy resistance 1, electricity resistance, torment resistance 1,
unbreathing 1, petrification resistance, AC +4
a: no special abilities


You were on level 6 of the Dungeon.
You visited 1 branch of the dungeon, and saw 6 of its levels.

You collected 299 gold pieces.

Inventory:

Hand Weapons
 a - a +0 flail (weapon)
 d - a +4 dire flail
Armour
 b - a +0 scale mail (worn)
 c - a +0 kite shield (worn)
Jewellery
 o - an amulet of the acrobat (around neck)
 s - a ring of positive energy (left hand)
Wands
 l - a wand of mindburst (4)
Scrolls
 e - a scroll of enchant armour {unknown}
 f - a scroll of magic mapping {unknown}
 h - 5 scrolls of identify {unknown}
 k - 2 scrolls of amnesia {unknown}
 n - a scroll of enchant weapon {unknown}
 q - a scroll of fog {unknown}
Potions
 g - 2 potions of haste {unknown}
 j - a potion of attraction {unknown}
 m - a potion of degeneration {unknown}
 p - a potion of mutation {unknown}
 r - a potion of heal wounds {unknown}


   Skills:
 + Level 4.5 Fighting
 + Level 5.3 Maces & Flails
 + Level 4.5 Armour
 + Level 1.8 Dodging
 + Level 1.3 Stealth
 + Level 5.0 Shields


You had 6 spell levels left.
You didn't know any spells.
Your spell library was empty.

Dungeon Overview and Level Annotations

Branches:
Dungeon (6/15)             Temple (0/1) D:4

Altars:
Ashenzari
Cheibriados
Okawaru

Annotations:
D:6 Prince Ribbit


Innate Abilities, Weirdness & Mutations

Your stone body is resilient. (AC +4)
You are immune to poison.
You resist negative energy. (rN+)
You are resistant to electric shocks. (rElec)
You are resistant to unholy torment.
You can survive without breathing.
You are immune to petrification.


Message History

There is a stone staircase leading down here.
You climb downwards.
Prince Ribbit comes into view.
Prince Ribbit gives a loud, deep croak!
There is a stone staircase leading up here.
You miss Prince Ribbit. You block Prince Ribbit's attack.
You completely miss Prince Ribbit. Prince Ribbit hits you.
Prince Ribbit closely misses you.
You barely miss Prince Ribbit.
Prince Ribbit blinks!
You miss Prince Ribbit.
Prince Ribbit hops awkwardly around.
Prince Ribbit blinks!
Prince Ribbit barely misses you.
You closely miss Prince Ribbit.
Prince Ribbit hits you but does no damage.
Prince Ribbit catches a small bird with his tongue.
You block Prince Ribbit's attack.
You miss Prince Ribbit.
Prince Ribbit blinks!
You miss Prince Ribbit. You block Prince Ribbit's attack.
Prince Ribbit hits you!
You sock Prince Ribbit!
Prince Ribbit is moderately wounded.
Prince Ribbit hits you! Prince Ribbit barely misses you.
Prince Ribbit hits you!
* * * LOW HITPOINT WARNING * * *
Prince Ribbit blinks!
Prince Ribbit closely misses you. You block Prince Ribbit's attack.
Prince Ribbit barely misses you. You block Prince Ribbit's attack.
There is a stone staircase leading up here.
You miss Prince Ribbit.
Prince Ribbit is moderately wounded.
You block Prince Ribbit's attack. Prince Ribbit hits you!
* * * LOW HITPOINT WARNING * * *
You feel better.
Prince Ribbit hits you but does no damage.
You feel better. Prince Ribbit hits you!
* * * LOW HITPOINT WARNING * * *
Prince Ribbit hits you!
You die...

#. ## ...
.# ##..
.# # ...
.# #. #.#
.#
#.##.##.#
#.......#
##..F..##
#..@..#
#.....#
#.....#
#######


You could see Prince Ribbit.

Vanquished Creatures
  The ghost of foci the Chopper, an amateur GrGl (D:4)
  An ogre (D:4)
  A howler monkey (D:4)
  A bullfrog zombie (D:2)
  2 hounds
  A jelly (D:5)
  A bullfrog skeleton (D:4)
  An orc priest (D:4)
  Natasha (thrice) (D:3)
  An orc wizard (D:4)
  4 adders
  An ooze (D:1)
  An adder skeleton (D:4)
  A worm (D:2)
  3 dart slugs
  2 leopard geckos
  7 orcs
  2 ball pythons
  4 bats
  A giant cockroach (D:1)
  7 goblins
  11 hobgoblins
  3 jackals (D:3)
  2 quokkas (D:2)
  A frilled lizard (D:2)
  6 kobolds
  6 rats
75 creatures vanquished.

Vanquished Creatures (others)
  A plant (D:2)
1 creature vanquished.

Grand Total: 76 creatures vanquished

Notes
Turn   | Place    | Note
-------+----------+-------------------------------------------
     0 | D:1      | sideus8 the Gargoyle Fighter began the quest for the Orb.
     0 | D:1      | Reached XP level 1. HP: 14/14 MP: 1/1
   339 | D:1      | Reached XP level 2. HP: 19/19 MP: 2/2
   987 | D:2      | Reached XP level 3. HP: 23/23 MP: 3/3
  1184 | D:2      | Found an iron altar of Okawaru.
  1185 | D:2      | Found a snail-covered altar of Cheibriados.
  1337 | D:2      | Reached XP level 4. HP: 19/29 MP: 4/4
  1442 | D:2      | Found a faded altar of an unknown god.
  2198 | D:3      | Found a broken altar of Ashenzari.
  2252 | D:3      | Reached XP level 5. HP: 33/33 MP: 5/5
  2364 | D:3      | Noticed Natasha
  2373 | D:3      | Killed Natasha
  2459 | D:3      | You fall into a shaft and drop 1 floor!
  2482 | D:3      | Noticed Natasha
  2494 | D:3      | Killed Natasha
  2495 | D:3      | Reached skill level 1 in Dodging
  2622 | D:3      | Noticed Natasha
  2643 | D:3      | Killed Natasha
  3029 | D:4      | Noticed an ogre
  3029 | D:4      | Noticed foci's ghost (amateur GrGl)
  3031 | D:4      | Found a transporter.
  3035 | D:4      | Found a transporter.
  3046 | D:4      | Killed an ogre
  3047 | D:4      | Reached XP level 6. HP: 29/38 MP: 6/6
  3050 | D:4      | Killed foci's ghost
  3074 | D:4      | Found a staircase to the Ecumenical Temple.
  3090 | D:4      | Reached XP level 7. HP: 28/44 MP: 7/7
  3104 | D:4      | Reached skill level 5 in Maces & Flails
  3110 | D:4      | Reached skill level 1 in Stealth
  3914 | D:5      | Entered Level 5 of the Dungeon
  3980 | D:5      | Upgraded the game from 0.27-a0-346-ga689d4a613 to
                  | 0.27-a0-380-g150de4c316
  3980 | D:5      | Upgraded the game from 0.27-a0-380-g150de4c316 to
                  | 0.27-a0-592-g0306a34022
  4046 | D:5      | Reached skill level 5 in Shields
  4086 | D:6      | Noticed Prince Ribbit
  4103 | D:6      | Slain by Prince Ribbit

Illustrated notes

Levels and vault maps discovered:
D:1:      eino_arrival_cavern_d, layout_basic
D:2:      layout_basic, chequers_temple_overflow_statue_of_worship,
          chequers_ecumenical_altar_island, serial_bayou_ford_a,
          minmay_pentomino_s2
D:3:      layout_basic, ashenzari_altar_1, uniq_natasha
D:4:      layout_loops_cross, temple_statues, gammafunk_ghost_smash
D:5:      layout_basic, lemuel_round_altar, serial_shops, shop,
          lemuel_blue_sif_altar
D:6:      layout_loops_cross, kennysheep_big_empty_room,
          grunt_gozag_breadcrumbs, uniq_prince_ribbit1

Skill      XL: |  1  2  3  4  5  6  7 |
---------------+----------------------+-----
Maces & Flails | 3 4 5 |  5.3
Fighting       | 4 |  4.5
Shields        | 4 5 |  5.0
Dodging        | 1 |  1.8
Armour         | 4 |  4.5
Stealth        | 1 |  1.3

Action                   |  1- 3 |  4- 6 |  7- 9 || total
-------------------------+-------+-------+-------++-------
Melee: Flail             |   112 |   137 |    65 ||   314
  Use: Potion            |       |     1 |     2 ||     3
Armor: Scale mail        |    75 |    94 |    39 ||   208
Dodge: Dodged            |    39 |    51 |    22 ||   112
Block: Kite shield       |    79 |    76 |    39 ||   194

Table legend: (Time is in decaauts)
 A = Elapsed time spent in this place.
 B = Non-inter-level travel time spent in this place.
 C = Inter-level travel time spent in this place.
 D = Time resting spent in this place.
 E = Time spent auto-exploring this place.
 F = Levels seen in this place.
 G = Mean time per level.
                   A        B        C        D        E       F      G
               +--------+--------+--------+--------+--------+-----+--------+
         Total |   4283 |   4274 |      9 |    246 |   2707 |   6 |  713.8 |
       Dungeon |   4283 |   4274 |      9 |    246 |   2707 |   6 |  713.8 |
               +--------+--------+--------+--------+--------+-----+--------+

Top non-repeatable levels by time:
     D:2: 1181 daAuts
     D:3: 1022 daAuts
     D:4: 974 daAuts
     D:1: 906 daAuts
     D:5: 179 daAuts
     D:6: 19 daAuts
